 Dungeon Crawl Stone Soup version 0.23.0 (webtiles) character file.

Game seed: 13287201497356937384

1123 Oravi the Covered (level 8, -6/67 HPs)
             Began as a Gnoll Wanderer on Feb 12, 2019.
             Hit by a stone thrown by an orc warrior (10 damage)
             ... on level 5 of the Dungeon.
             The game lasted 00:19:22 (5832 turns).

Oravi the Covered (Gnoll Wanderer)                  Turns: 5832, Time: 00:19:23

Health: -6/67      AC: 13    Str: 17    XL:     8   Next: 35%
Magic:  12/12      EV:  8    Int: 16    God:
Gold:   254        SH:  0    Dex: 13    Spells: 13/13 levels left

rFire    . . .     SeeInvis .   a - +0 whip (venom)
rCold    . . .     Gourm    .   (no shield)
rNeg     . . .     Faith    .   w - +0 chain mail
rPois    .         Spirit   .   F - +0 helmet
rElec    .         Reflect  .   (no cloak)
rCorr    .         Harm     .   (no gloves)
MR       .....                  p - +0 pair of boots
Stlth    ..........             (no amulet)
HPRegen  0.21/turn              x - ring of stealth
MPRegen  0.13/turn              B - ring of flight

@: studying Throwing
A: distributed training, fangs 1, strong nose
a: Evoke Flight


You were on level 5 of the Dungeon.
You were not hungry.

You visited 2 branches of the dungeon, and saw 6 of its levels.

You collected 254 gold pieces.

Inventory:

Hand Weapons
 a - a +0 whip of venom (weapon)
 b - a +0 hunting sling
 n - a +2 dagger
Missiles
 h - 44 arrows
 i - 163 stones (quivered)
 j - 12 sling bullets
 q - a throwing net {!f}
 u - 18 bolts
Armour
 c - a +0 ring mail
 p - a +0 pair of boots (worn)
 w - a +0 chain mail (worn)
 F - a +0 helmet (worn)
Jewellery
 x - a ring of stealth (left hand)
 B - a ring of flight (right hand)
Scrolls
 e - 8 scrolls of identify {unknown}
 g - 3 scrolls of remove curse {unknown}
 o - 2 scrolls of enchant weapon {unknown}
 r - a scroll of teleportation {unknown}
 s - a scroll of enchant armour {unknown}
 v - 2 scrolls of blinking {unknown}
 y - 2 scrolls of fear
 E - a scroll of amnesia {unknown}
Potions
 d - a potion of curing {@q1}
 k - a potion of magic {unknown}
 l - a potion of brilliance {unknown}
 m - a potion of lignification {unknown}
 t - a potion of resistance {unknown}
 z - a potion of degeneration {unknown}
 A - 3 potions of heal wounds {unknown}
 C - a potion of mutation {unknown}
 D - a potion of might
 I - a potion of berserk rage {unknown}
Books
 H - a manual of Throwing
Comestibles
 f - 9 rations
 G - 3 chunks of flesh


   Skills:
 + Level 7.3 Fighting
 + Level 3.1 Short Blades
 + Level 3.1 Long Blades
 + Level 4.1 Axes
 + Level 4.1 Maces & Flails
 + Level 3.1 Polearms
 + Level 3.1 Staves
 + Level 3.1 Slings
 + Level 3.1 Bows
 + Level 3.1 Crossbows
 + Level 3.6 Throwing
 + Level 7.3 Armour
 + Level 3.1 Dodging
 + Level 4.0 Stealth
 + Level 3.1 Shields
 + Level 3.1 Unarmed Combat
 + Level 3.1 Spellcasting
 + Level 2.5 Conjurations
 + Level 2.5 Hexes
 + Level 2.5 Charms
 + Level 2.5 Summonings
 + Level 2.5 Necromancy
 + Level 2.5 Translocations
 + Level 2.5 Transmutations
 + Level 2.5 Fire Magic
 + Level 2.5 Ice Magic
 + Level 2.5 Air Magic
 + Level 2.5 Earth Magic
 + Level 2.5 Poison Magic
 + Level 3.4 Invocations
 + Level 4.1 Evocations


You had 13 spell levels left.
You didn't know any spells.
Your spell library was empty.

Dungeon Overview and Level Annotations

Branches:
Dungeon (5/15)             Temple (1/1) D:4

Altars:
Dithmenos
Elyvilon
Fedhas
Gozag
Hepliaklqana
Kikubaaqudgha
Makhleb
Nemelex Xobeh
Okawaru
Qazlal
Ru
Sif Muna
Trog
Uskayaw
Vehumet
Wu Jian
Xom
Yredelemnul
Zin
The Shining One

Annotations:
D:2 1 runed translucent door, Crazy Yiuf
D:3 1 runed translucent door, Masnef's ghost, amateur TeEn
D:4 Dowan


Innate Abilities, Weirdness & Mutations

Your experience applies equally to all skills.
You have very sharp teeth.
Your uncanny sense of smell can sniff out nearby items.


Message History

* * * LOW HITPOINT WARNING * * *
The orc priest hits you but does no damage.
The orc hits you but does no damage. The orc warrior barely misses you.
The orc priest invokes the aid of Beogh against you.
Beogh smites you!
* * * LOW HITPOINT WARNING * * *
You see here 3 stones.
The orc priest looks braver for a moment.
The orc warrior throws a stone.
The stone hits you but does no damage.
You see here a stone.
You kill the orc priest!
Your Stealth skill increases to level 4!
The orc warrior throws a stone.
The stone barely misses you.
The orc warrior throws a stone.
The stone hits you.
* * * LOW HITPOINT WARNING * * *
You see here a stone.
The orc warrior throws a stone.
The stone barely misses you.
The orc warrior throws a stone.
The stone hits you!
You die...

.## #.# #.............
..# #.# #.............
..## #.# #....<........
#..###.##
#.............
##......#
#.......)..... #......#
#............# ##.....#
#####..#.#########
#.....######........#
#.....)..##.o.@...###
########...(..(.)..#
####..........#
##.o.(..>......#
#######..g...........#
.....รท...###.........#
(().((#### ##.......##
.###### ##.....)...#
#..........#


You could see an orc warrior, a gnoll and an orc.

Vanquished Creatures
  Grinder (D:3)
  Eustachio (D:4)
  Duvessa (D:4)
  An ogre (D:5)
  A hound (D:5)
  2 orc wizards (D:4)
  4 orc priests
  An iguana (D:4)
  4 worker ants
  10 gnolls
  7 adders (D:2)
  An ooze (D:1)
  2 worms (D:2)
  2 dart slugs
  5 leopard geckos
  7 orcs
  8 bats
  A giant cockroach (D:3)
  10 goblins
  7 hobgoblins
  9 jackals
  9 kobolds
  A quokka (D:4)
  2 ball pythons (D:2)
  8 frilled lizards
  7 rats
  A fungus (D:2)
113 creatures vanquished.

Notes
Turn   | Place    | Note
-------+----------+-------------------------------------------
     0 | D:1      | Oravi the Gnoll Wanderer began the quest for the Orb.
     0 | D:1      | Oravi set off with the following items: a +2 dagger, a
                  | scroll of fear, a +0 ring mail, a potion of curing {@q1}, a
                  | ration
     0 | D:1      | Reached XP level 1. HP: 23/23 MP: 2/2
   111 | D:1      | Reached XP level 2. HP: 27/29 MP: 3/3
   398 | D:1      | Reached XP level 3. HP: 35/35 MP: 4/4
  1109 | D:2      | Reached skill level 1 in Invocations
  1120 | D:2      | Reached skill level 1 in Short Blades
  1120 | D:2      | Reached skill level 1 in Long Blades
  1120 | D:2      | Reached skill level 1 in Polearms
  1120 | D:2      | Reached skill level 1 in Staves
  1120 | D:2      | Reached skill level 1 in Slings
  1120 | D:2      | Reached skill level 1 in Bows
  1120 | D:2      | Reached skill level 1 in Crossbows
  1120 | D:2      | Reached skill level 1 in Throwing
  1120 | D:2      | Reached skill level 1 in Dodging
  1120 | D:2      | Reached skill level 1 in Shields
  1120 | D:2      | Reached skill level 1 in Unarmed Combat
  1120 | D:2      | Reached skill level 1 in Spellcasting
  1144 | D:2      | Found a stormy altar of Qazlal.
  1194 | D:2      | Reached XP level 4. HP: 41/41 MP: 6/6
  1222 | D:2      | Reached skill level 1 in Conjurations
  1222 | D:2      | Reached skill level 1 in Hexes
  1222 | D:2      | Reached skill level 1 in Charms
  1222 | D:2      | Reached skill level 1 in Summonings
  1222 | D:2      | Reached skill level 1 in Necromancy
  1222 | D:2      | Reached skill level 1 in Translocations
  1222 | D:2      | Reached skill level 1 in Transmutations
  1222 | D:2      | Reached skill level 1 in Fire Magic
  1222 | D:2      | Reached skill level 1 in Ice Magic
  1222 | D:2      | Reached skill level 1 in Air Magic
  1222 | D:2      | Reached skill level 1 in Earth Magic
  1222 | D:2      | Reached skill level 1 in Poison Magic
  1456 | D:2      | Reached XP level 5. HP: 40/47 MP: 7/7
  2336 | D:2      | Found a runed translucent door.
  2337 | D:2      | Noticed Crazy Yiuf
  2412 | D:4      | Noticed a +0 dagger
  2412 | D:4      | Noticed a +0 hand axe
  2418 | D:4      | Found a hide-covered altar of Uskayaw.
  2432 | D:4      | Noticed Duvessa
  2437 | D:4      | Noticed Dowan
  2730 | D:3      | Reached XP level 6. HP: 41/53 MP: 8/8
  3050 | D:3      | Noticed Grinder
  3080 | D:3      | Killed Grinder
  3080 | D:3      | Reached XP level 7. HP: 53/59 MP: 8/10
  3239 | D:3      | Found a runed translucent door.
  3239 | D:3      | Noticed Masnef's ghost (amateur TeEn)
  3783 | D:4      | Killed Duvessa
  4165 | D:4      | Found a staircase to the Ecumenical Temple.
  4194 | Temple   | Entered the Ecumenical Temple
  4445 | D:4      | Found a deep blue altar of Sif Muna.
  4938 | D:4      | Found a bloodstained altar of Trog.
  5101 | D:4      | Noticed Eustachio
  5122 | D:4      | Killed Eustachio
  5122 | D:4      | Reached XP level 8. HP: 34/67 MP: 10/12
  5375 | D:5      | Entered Level 5 of the Dungeon
  5778 | D:5      | Found an ornate altar of the Wu Jian Council.
  5820 | D:5      | HP: 3/67 [orc priest/divine providence (11)]
  5827 | D:5      | HP: 3/67 [orc warrior/stone (2)]
  5832 | D:5      | Hit by a stone thrown by an orc warrior

Skill      XL: |  1  2  3  4  5  6  7  8 |
---------------+-------------------------+-----
Invocations    | 1 2 3 |  3.4
Short Blades   | 1 2 3 |  3.1
Long Blades    | 1 2 3 |  3.1
Polearms       | 1 2 3 |  3.1
Staves         | 1 2 3 |  3.1
Slings         | 1 2 3 |  3.1
Bows           | 1 2 3 |  3.1
Crossbows      | 1 2 3 |  3.1
Throwing       | 1 2 3 |  3.6
Dodging        | 1 2 3 |  3.1
Shields        | 1 2 3 |  3.1
Unarmed Combat | 1 2 3 |  3.1
Spellcasting   | 1 2 3 |  3.1
Conjurations   | 1 2 |  2.5
Hexes          | 1 2 |  2.5
Charms         | 1 2 |  2.5
Summonings     | 1 2 |  2.5
Necromancy     | 1 2 |  2.5
Translocations | 1 2 |  2.5
Transmutations | 1 2 |  2.5
Fire Magic     | 1 2 |  2.5
Ice Magic      | 1 2 |  2.5
Air Magic      | 1 2 |  2.5
Earth Magic    | 1 2 |  2.5
Poison Magic   | 1 2 |  2.5
Axes           | 3 4 |  4.1
Maces & Flails | 3 4 |  4.1
Evocations     | 3 4 |  4.1
Stealth        | 3 4 |  4.0
Fighting       | 7 |  7.3
Armour         | 7 |  7.3

Action                   |  1- 3 |  4- 6 |  7- 9 || total
-------------------------+-------+-------+-------++-------
Melee: Dagger            |    73 |       |       ||    73
       Bite              |    11 |    18 |    12 ||    41
       Whip              |    26 |   210 |   116 ||   352
       Punch             |       |       |     1 ||     1
 Fire: Hunting sling     |       |       |    63 ||    63
Throw: Stone             |       |       |     1 ||     1
 Stab: Sleeping          |     3 |     1 |     1 ||     5
  Eat: Chunk             |     1 |     6 |     9 ||    16
Armor: Ring mail         |    40 |    63 |    14 ||   117
       Chain mail        |       |       |    54 ||    54
Dodge: Dodged            |    45 |    93 |    54 ||   192
